 Dungeon Crawl Stone Soup version 0.21.0-25-ge575cb9 (webtiles) character file.

85047 Mgcat the Severer (level 15, -29/149 HPs)
             Began as a Minotaur Berserker on Jan 23, 2018.
             Was a High Priest of Trog.
             Annihilated by a very large slime creature (33 damage)
             ... on level 15 of the Dungeon on Jan 24, 2018.
             The game lasted 01:11:12 (29947 turns).

Mgcat the Severer (Minotaur Berserker)             Turns: 29947, Time: 01:11:13

Health: -29/149    AC: 30    Str: 19    XL:     15   Next: 36%
Magic:  15/15      EV: 12    Int: 11    God:    Trog [*****.]
Gold:   561        SH:  0    Dex: 14    Spells: 14/14 levels left

rFire    + . .     SeeInvis +   O - +3 battleaxe of Rogh {vamp, rN+ MR+ Str-4 Dex+2}
rCold    + + .     Gourm    +   (shield currently unavailable)
rNeg     + + .     Faith    .   o - +7 plate armour "Optooqaro" {-Cast rPois rC+ Int+2}
rPois    +         Spirit   .   F - +3 crown of Dyrovepreva {rElec Int+2 SInv}
rElec    +         Reflect  .   u - +1 cloak of Starlight {rElec rC+ EV+4 Stlth--}
rCorr    .         Harm     .   (no gloves)
MR       ++++.     NoCast   +   (no boots)
Stlth    ..........             L - amulet of the gourmand
HPRegen  1.34/turn              J - ring of protection from fire
MPRegen  0.14/turn              B - ring of positive energy

@: berserk cooldown, regenerating, slowed, very slow
A: retaliatory headbutt, horns 2
a: Berserk, Trog's Hand, Brothers in Arms, Burn Spellbooks, Renounce Religion


You were on level 15 of the Dungeon.
You worshipped Trog.
Trog was extremely pleased with you.
You were very full.

You visited 3 branches of the dungeon, and saw 23 of its levels.
You also visited: Labyrinth, Ossuary and Ice Cave.

You collected 2633 gold pieces.
You spent 2072 gold pieces at shops.

Inventory:

Hand Weapons
 e - the +7 broad axe of Conservatism {drain, +Inv rF++ rC- rN+}
   (Trog gifted it to you on level 2 of the Orcish Mines)

   A truly terrible weapon, it drains the life of those it strikes.
   It greatly protects you from fire.
   It makes you vulnerable to cold.
   It protects you from negative energy.
   It lets you turn invisible.
 z - the +4 broad axe of Cumulor {freeze, MR++ Str-2 Int+4}
   (You took it off a minotaur in a labyrinth)

   It has been specially enchanted to freeze those struck by it, causing extra
   injury to most foes and up to half again as much damage against particularly
   susceptible opponents.
   It can also slow down cold-blooded creatures.
   It affects your strength (-2).
   It affects your intelligence (+4).
   It affects your resistance to hostile enchantments.
 E - the +5 dire flail of Exquisite Torment {speed, Str+3 Dex+5}
   (Trog gifted it to you on level 3 of the Lair of Beasts)

   Attacks with this weapon are significantly faster.
   It affects your strength (+3).
   It affects your dexterity (+5).
 O - the +3 battleaxe of Rogh (weapon) {vamp, rN+ MR+ Str-4 Dex+2}
   (Trog gifted it to you on level 13 of the Dungeon)

   It inflicts no extra harm, but heals its wielder when it wounds a living foe.
   It affects your strength (-4).
   It affects your dexterity (+2).
   It protects you from negative energy.
   It affects your resistance to hostile enchantments.
Armour
 o - the +7 plate armour "Optooqaro" (worn) {-Cast rPois rC+ Int+2}
   (You bought it in a shop on level 2 of the Orcish Mines)

   It affects your intelligence (+2).
   It protects you from cold.
   It protects you from poison.
   It prevents spellcasting.
 u - the +1 cloak of Starlight (worn) {rElec rC+ EV+4 Stlth--}
   (You found it on level 2 of the Lair of Beasts)

   It affects your evasion (+4).
   It protects you from cold.
   It insulates you from electricity.
   It makes you much less stealthy.
 F - the +3 crown of Dyrovepreva (worn) {rElec Int+2 SInv}
   (You found it on level 12 of the Dungeon)

   It affects your intelligence (+2).
   It insulates you from electricity.
   It lets you see invisible.
 M - the +7 plate armour of the Midnight Sun {+Fly rElec Str+4 SInv}
   (You bought it in a shop on level 2 of the Orcish Mines)

   It affects your strength (+4).
   It insulates you from electricity.
   It lets you see invisible.
   It lets you fly.
Jewellery
 B - a ring of positive energy (right hand)
 J - a ring of protection from fire (left hand)
 L - an amulet of the gourmand (around neck)
 P - a cursed amulet of inaccuracy {unknown}
 S - a +2 ring of evasion
 W - an uncursed ring of protection from cold
Wands
 v - a wand of digging (10)
 w - a wand of polymorph (25)
 N - a wand of iceblast (3)
Scrolls
 a - 3 scrolls of enchant weapon
 g - 20 scrolls of remove curse
 h - 3 scrolls of enchant armour
 i - 2 scrolls of fog
 j - 14 scrolls of teleportation
 l - 4 scrolls of amnesia
 m - 17 scrolls of identify
 q - 2 scrolls of magic mapping
 x - a scroll of holy word
 y - 4 scrolls of immolation
 A - 5 scrolls of blinking
 D - 2 scrolls of torment
 H - a scroll of random uselessness
 I - a scroll of acquirement
Potions
 b - 3 potions of invisibility
 d - 14 potions of curing
 f - 7 potions of resistance
 k - 2 potions of might
 n - 4 potions of degeneration
 p - 3 potions of lignification
 r - 3 potions of flight
 s - 4 potions of ambrosia
 t - 8 potions of brilliance
 C - 5 potions of heal wounds
 Q - 2 potions of cancellation {unknown}
 R - a potion of haste {unknown}
Miscellaneous
 K - a phantom mirror
Comestibles
 c - 40 rations
 G - 15 chunks of flesh


   Skills:
 + Level 18.0 Fighting
 + Level 18.3 Axes
 + Level 17.9 Armour
 - Level 2.1 Dodging
 + Level 2.0 Evocations


You had 14 spell levels left.
You didn't know any spells.

Dungeon Overview and Level Annotations

Branches:
Dungeon (15/15)            Temple (0/1) D:5            Lair (6/6) D:10
 Shoals (0/4) Lair:3       Spider (0/4) Lair:2        Slime (0/5) Lair:5
    Orc (2/2) D:10            Elf (0/3) Orc:2        Vaults (0/5) D:13
 Depths: D:15

Altars:
Ashenzari
Cheibriados
Elyvilon
Fedhas
Hepliaklqana
Makhleb
Nemelex Xobeh
Sif Muna
Xom
Jiyva

Shops:
D:8 ?   D:9 *   Orc:2 [?((

Annotations:
D:2 1 runed door
Lair:2 exclusion: 2 oklob plants


Innate Abilities, Weirdness & Mutations

You reflexively headbutt those who attack you in melee.
You have a pair of horns on your head.


Message History

You feel your anger nearly subside.
You are no longer berserk.
You are exhausted.
You feel yourself slow down.
A slime creature suddenly becomes a titanic slime creature.
The titanic slime creature hits you but does no damage.
The titanic slime creature barely misses you.
You furiously retaliate!
You headbutt the titanic slime creature!
The titanic slime creature hits you!!!
* * * LOW HITPOINT WARNING * * *
A titanic slime creature splits.
The slime creature closely misses you. You furiously retaliate!
You headbutt the slime creature.
Two slime creatures merge to form a very large slime creature.
You barely miss the very large slime creature.
The very large slime creature is severely wounded.
You slice the very large slime creature!!
The very large slime creature hits you!!
* * * LOW HITPOINT WARNING * * *
The very large slime creature hits you!!
You die...

.##########.# #.#
#.#####################
##.#....................
#..#.##################.
#.##.# #.
###+##....##################'
............J.................
###.........J@######.(..###...
#..########.# #....# #... ....
#.# #....# #... ..(. #.#
###'## #... ##. #.# #.# ###.
#. #.# #.####### #.# #.##.....
#.########.##.....
...........('.....


You could see 2 very large slime creatures.

Vanquished Creatures
  Rupert (D:13)
  Snorg (Lair:3)
  A minotaur (Lab)
  Josephine (D:12)
  A fire dragon (Lair:6)
  6 hydras
  A rakshasa (D:14)
  2 catoblepae (D:13)
  Harold (Lair:3)
  5 centaur warriors
  10 two-headed ogres
  4 death yaks (Lair:3)
  Urug (Lair:3)
  3 orc high priests (Orc:2)
  The ghost of Agrougrou the Martial Artist, a novice OpTm of Makhleb (D:8)
  A necromancer (IceCv)
  5 orc knights
  A lindwurm (Lair:6)
  6 orc sorcerers (Orc:2)
  A deep elf mage (D:14)
  2 manticores
  3 cyclopes
  7 ugly things
  2 centaur zombies
  2 ice statues (IceCv)
  5 black mambas
  2 molten gargoyles (Lair:6)
  3 gargoyles
  8 spiny frogs
  A torpor snail (Lair:6)
  11 komodo dragons
  2 rime drakes
  The ghost of nikopol the Shield-Bearer, a novice GrFi of Okawaru (D:4)
  6 trolls
  10 ice devils
  A tengu conjurer (D:14)
  A polar bear (Lair:3)
  A jumping spider (Lair:2)
  3 dream sheep (Lair:6)
  9 blink frogs
  A slime creature (D:13)
  9 hippogriffs
  A snapping turtle (Lair:3)
  Sigmund (D:3)
  2 shadows
  38 yaks
  2 vampires
  9 wyverns
  2 water elementals (D:13)
  7 wraiths
  2 fire bats (Lair:2)
  A fire elemental (Lair:2)
  10 basilisks
  16 humans (D:13)
  A hungry ghost (D:15)
  4 vampire mosquitoes (D:13)
  A steam dragon (Lair:6)
  A warg (Orc:1)
  2 soldier ants
  6 hell hounds
  7 water moccasins
  6 porcupines
  5 sky beasts
  18 orc warriors
  2 black bears
  2 eyes of draining
  10 ogres
  4 ice beasts
  2 hornet zombies
  14 wolves
  13 centaurs
  14 crocodiles
  15 bullfrogs
  A gnoll sergeant (D:8)
  A water moccasin skeleton (D:8)
  2 wyvern skeletons
  5 scorpions
  18 killer bees
  12 wights
  13 electric eels
  4 crimson imps
  A bullfrog zombie (D:7)
  3 draconian simulacra (IceCv)
  2 jellies
  9 lava snakes
  A quasit (D:12)
  7 hounds
  2 centaur skeletons
  19 orc priests
  26 orc wizards
  Jessica (D:3)
  2 bullfrog skeletons
  7 worker ants
  2 troll simulacra (IceCv)
  2 centaur simulacra
  A worker ant zombie (D:7)
  Robin (D:3)
  14 adders
  10 gnolls
  2 naga simulacra (IceCv)
  2 ogre simulacra (IceCv)
  3 shadow imps
  An ooze (D:7)
  4 adder skeletons
  2 worms (D:3)
  4 dart slugs
  5 leopard geckos
  83 orcs
  14 giant cockroaches
  13 goblins
  10 hobgoblins
  4 jackals (D:8)
  13 kobolds
  10 quokkas
  A ball python (D:1)
  3 ball python skeletons (Ossuary)
  3 bats
  3 frilled lizards
  2 hobgoblin zombies (Ossuary)
  A jackal zombie (D:5)
  3 kobold zombies (Ossuary)
  A leopard gecko skeleton (D:5)
  An orc zombie (Ossuary)
  A quokka zombie (D:5)
  10 rats
  3 fungi
  14 plants
743 creatures vanquished.

Vanquished Creatures (others)
  7 fungi
  10 plants
17 creatures vanquished.

Grand Total: 760 creatures vanquished

Notes
Turn   | Place    | Note
-------+----------+-------------------------------------------
     0 | D:1      | Mgcat the Minotaur Berserker began the quest for the Orb.
     0 | D:1      | Reached XP level 1. HP: 19/19 MP: 0/0
   264 | D:1      | Reached XP level 2. HP: 26/26 MP: 1/1
   698 | D:2      | Found a burning altar of Makhleb.
   700 | D:2      | Found a deep blue altar of Sif Muna.
   714 | D:2      | Reached skill level 5 in Axes
   880 | D:2      | Reached XP level 3. HP: 30/31 MP: 2/2
  1162 | D:2      | Reached ** piety under Trog
  1384 | D:2      | Found a runed door.
  1750 | D:3      | Reached XP level 4. HP: 26/40 MP: 3/3
  1955 | D:3      | Noticed Jessica
  1957 | D:3      | Killed Jessica
  2152 | D:3      | Reached XP level 5. HP: 47/47 MP: 4/4
  2300 | D:3      | Noticed Sigmund
  2313 | D:3      | Killed Sigmund
  2313 | D:3      | Reached skill level 5 in Fighting
  2313 | D:3      | Reached XP level 6. HP: 56/56 MP: 5/5
  2424 | D:3      | Noticed Robin
  2428 | D:3      | Reached *** piety under Trog
  2451 | D:3      | Killed Robin
  2728 | D:4      | Noticed nikopol's ghost (novice GrFi)
  2740 | D:4      | Killed nikopol's ghost
  2740 | D:4      | Reached skill level 5 in Armour
  2740 | D:4      | Reached XP level 7. HP: 64/64 MP: 6/6
  2892 | D:4      | Reached **** piety under Trog
  3701 | D:4      | Found a shattered altar of Ashenzari.
  3942 | D:4      | Reached XP level 8. HP: 73/73 MP: 7/7
  3971 | D:5      | Entered Level 5 of the Dungeon
  4040 | D:5      | Found a sand-covered staircase.
  4045 | Ossuary  | Entered an ossuary
  4174 | Ossuary  | Noticed a flying skull
  4181 | Ossuary  | Noticed a flying skull
  4205 | Ossuary  | Noticed a flying skull
  4206 | Ossuary  | Noticed a flying skull
  4295 | Ossuary  | Noticed a flying skull
  4493 | D:5      | Found a snail-covered altar of Cheibriados.
  4549 | D:5      | Found a staircase to the Ecumenical Temple.
  4608 | D:5      | Found a shimmering altar of Xom.
  4812 | D:5      | Found a blossoming altar of Fedhas.
  5135 | D:6      | Found the +0 Maxwell's etheric cage {RegenMP+ *Contam rElec MP+4}
  5382 | D:6      | Found a sparkling altar of Nemelex Xobeh.
  5573 | D:6      | Reached XP level 9. HP: 55/82 MP: 8/8
  5933 | D:7      | Reached skill level 10 in Axes
  6492 | D:7      | Reached ***** piety under Trog
  6499 | D:7      | Found a white marble altar of Elyvilon.
  6614 | D:8      | Reached skill level 10 in Fighting
  6694 | D:8      | Noticed Agrougrou's ghost (novice OpTm)
  6709 | D:8      | Killed Agrougrou's ghost
  6709 | D:8      | Reached skill level 10 in Armour
  6709 | D:8      | Reached XP level 10. HP: 94/94 MP: 9/9
  6843 | D:8      | Noticed a two-headed ogre
  6847 | D:8      | Killed a two-headed ogre
  7176 | D:8      | Noticed a two-headed ogre
  7178 | D:8      | Found a hazy altar of Hepliaklqana.
  7185 | D:8      | Killed a two-headed ogre
  7705 | D:8      | Found Hiotuil's Magic Scroll Shoppe.
  8025 | D:9      | Noticed a two-headed ogre
  8029 | D:9      | Killed a two-headed ogre
  8030 | D:9      | Received a gift from Trog
  8605 | D:9      | Found Xigeboat's General Store.
  8854 | D:9      | Reached XP level 11. HP: 95/104 MP: 10/10
  9144 | D:10     | Entered Level 10 of the Dungeon
  9220 | D:10     | Noticed a two-headed ogre
  9229 | D:10     | Killed a two-headed ogre
  9706 | D:10     | Found a staircase to the Lair.
  9827 | D:10     | Found a staircase to the Orcish Mines.
  9928 | D:10     | Noticed a two-headed ogre
 10294 | D:10     | Killed a two-headed ogre
 10555 | D:11     | Noticed a six-headed hydra
 10564 | D:11     | Killed a seven-headed hydra
 10741 | D:11     | Noticed a two-headed ogre
 10747 | D:11     | Killed a two-headed ogre
 10949 | D:11     | Noticed a white ugly thing
 10959 | D:11     | Killed a white ugly thing
 11533 | D:11     | Noticed a five-headed hydra
 11542 | D:11     | Killed a five-headed hydra
 11976 | D:11     | Noticed a seven-headed hydra
 11983 | D:11     | Killed a seven-headed hydra
 11983 | D:11     | Reached XP level 12. HP: 115/115 MP: 11/11
 12404 | Lair:1   | Entered Level 1 of the Lair of Beasts
 13632 | Lair:2   | Found a transporter.
 13920 | Lair:2   | Found a hole to the Spider Nest.
 14091 | Lair:2   | Found a transporter.
 14092 | Lair:2   | Found the +1 cloak of Starlight {rElec rC+ EV+4 Stlth--}
 15112 | Lair:3   | Noticed a death yak
 15117 | Lair:3   | Killed a death yak
 15118 | Lair:3   | Noticed a death yak
 15119 | Lair:3   | Noticed a death yak
 15119 | Lair:3   | Noticed a death yak
 15131 | Lair:3   | Killed a death yak
 15133 | Lair:3   | Killed a death yak
 15137 | Lair:3   | Killed a death yak
 15215 | Lair:3   | Noticed Snorg
 15382 | Lair:3   | Killed Snorg
 15382 | Lair:3   | Reached skill level 15 in Axes
 15583 | Lair:3   | Received a gift from Trog
 15586 | Lair:3   | Got a crude dire flail {god gift}
 15587 | Lair:3   | Identified the +5 dire flail of Exquisite Torment {speed, Str+3 Dex+5} (Trog gifted it to you on level 3 of the Lair of Beasts)
 16079 | Lair:3   | Noticed Harold
 16101 | Lair:3   | Killed Harold
 16380 | Lair:3   | Found a staircase to the Shoals.
 16695 | Lair:3   | Noticed Urug
 16702 | Lair:3   | Reached XP level 13. HP: 125/125 MP: 12/12
 16710 | Lair:3   | Killed Urug
 16979 | Lair:4   | Reached skill level 15 in Fighting
 18196 | Lair:4   | Reached skill level 15 in Armour
 19340 | Lair:5   | You fall through a shaft!
 19340 | Lair:6   | Entered Level 6 of the Lair of Beasts
 19375 | Lair:5   | Found a staircase to the Slime Pits.
 19375 | Lair:5   | Found a viscous altar of Jiyva.
 19737 | Lair:6   | Identified a scroll of acquirement
 20995 | Lair:6   | Found a large runed door.
 21879 | Lair:6   | Noticed a fire dragon
 22157 | Lair:6   | Found a large runed door.
 22649 | Lair:6   | Killed a fire dragon
 22923 | Lair:2   | Got a crude long sword
 22928 | Lair:2   | Identified the cursed +2 long sword "Luloonk" {flame, MP+9 Int-2 Stlth+} (You found it on level 2 of the Lair of Beasts)
 23072 | Orc:1    | Entered Level 1 of the Orcish Mines
 23222 | Orc:2    | Entered Level 2 of the Orcish Mines
 23228 | Orc:2    | Reached XP level 14. HP: 137/137 MP: 13/13
 23296 | Orc:2    | Found a staircase to the Elven Halls.
 23352 | Orc:2    | Found a frozen archway.
 23369 | IceCv    | Entered an ice cave
 24613 | Orc:2    | Found Qerin's Antique Armour Shop.
 24622 | Orc:2    | Received a gift from Trog
 24771 | Orc:2    | Found Evampo's Weapon Emporium.
 24873 | Orc:2    | Found Dyirubeng's Antique Weapon Emporium.
 24886 | Orc:2    | Found Nilaex's Magic Scroll Shop.
 25341 | Orc:2    | Bought a dazzling plate armour for 1036 gold pieces
 25341 | Orc:2    | Bought a citrine-encrusted plate armour for 1036 gold pieces
 25351 | Orc:2    | Identified the +7 plate armour of the Midnight Sun {+Fly rElec Str+4 SInv} (You bought it in a shop on level 2 of the Orcish Mines)
 25361 | Orc:2    | Identified the +7 plate armour "Optooqaro" {-Cast rPois rC+ Int+2} (You bought it in a shop on level 2 of the Orcish Mines)
 25381 | Orc:2    | Got a crystal broad axe {god gift}
 25382 | Orc:2    | Identified the +7 broad axe of Conservatism {drain, +Inv rF++ rC- rN+} (Trog gifted it to you on level 2 of the Orcish Mines)
 26052 | D:12     | Found the +3 crown of Dyrovepreva {rElec Int+2 SInv}
 26055 | D:12     | Noticed Josephine
 26067 | D:12     | Killed Josephine
 26262 | D:12     | Found a shimmering altar of Xom.
 26901 | D:13     | Found a gate to the Vaults.
 26901 | D:13     | Noticed Rupert
 26921 | D:13     | Killed Rupert
 27018 | D:13     | Received a gift from Trog
 27100 | D:13     | Got a brightly glowing battleaxe {god gift}
 27112 | D:13     | Identified the +3 battleaxe of Rogh {vamp, rN+ MR+ Str-4 Dex+2} (Trog gifted it to you on level 13 of the Dungeon)
 27126 | D:13     | Found a labyrinth entrance.
 27186 | Lab      | Entered a labyrinth
 27887 | Lab      | Got a steaming broad axe {freeze}
 27906 | Lab      | Got a bloodstained chain mail
 27910 | D:13     | Identified the +4 broad axe of Cumulor {freeze, MR++ Str-2 Int+4} (You took it off a minotaur in a labyrinth)
 28029 | D:13     | Reached XP level 15. HP: 143/147 MP: 14/14
 29520 | D:14     | Reached skill level 1 in Evocations
 29709 | D:15     | Entered Level 15 of the Dungeon
 29861 | D:15     | Found a sparkling altar of Nemelex Xobeh.
 29947 | D:15     | HP: 4/149 [very large slime creature (20)]
 29947 | D:15     | Annihilated by a very large slime creature

Skill      XL: |  1  2  3  4  5  6  7  8  9 10 11 12 13 14 15 |
---------------+----------------------------------------------+-----
Axes           | 4 5 6 7 8 9 11 12 13 15 16 17 18 | 18.3
Fighting       | 4 5 6 7 8 10 11 13 14 16 17 18 | 18.0
Armour         | 3 4 5 6 8 10 11 13 14 16 17 | 17.9
Evocations     | 2 |  2.0
Dodging        | |  2.1

Action                   |  1- 3 |  4- 6 |  7- 9 | 10-12 | 13-15 || total
-------------------------+-------+-------+-------+-------+-------++-------
Melee: Hand axe          |    99 |    35 |       |       |       ||   134
       Headbutt          |    15 |    15 |    57 |   111 |   184 ||   382
       War axe           |       |    67 |   315 |   136 |       ||   518
       Battleaxe         |       |       |       |   317 |   739 ||  1056
       Mace              |       |       |       |    25 |       ||    25
       Dire flail        |       |       |       |       |    14 ||    14
       Broad axe         |       |       |       |       |   127 ||   127
Invok: Burn Spellbooks   |       |     1 |       |     5 |     3 ||     9
       Berserk           |       |     3 |     4 |    17 |    16 ||    40
       Trog's Hand       |       |     2 |     3 |     9 |    23 ||    37
 Abil: Evoke Flight      |       |       |       |       |     1 ||     1
  Use: Scroll            |       |       |     2 |    20 |     6 ||    28
       Potion            |       |       |       |       |     2 ||     2
 Stab: Distracted        |       |       |       |     1 |       ||     1
  Eat: Chunk             |     3 |     6 |    14 |    32 |    97 ||   152
       Ration            |       |       |     1 |     5 |       ||     6
Armor: Plate armour      |    66 |    99 |   197 |   253 |   540 ||  1155
Dodge: Dodged            |    25 |    64 |   124 |   192 |   384 ||   789
